Map: Ley Lines

Players

ManlyManMeat

  • Race: Zerg Zerg
  • League: Diamond
  • Spawn Location: 1:00

VOD

Have the link to the VOD?

Description

Time

  • Played on: July 17, 2025, 4:47 p.m.
  • Length: 3:32
Show
View Real Time Build Order
Export as new Build Order

ManlyManMeat Zerg 

Build Orders:  

Get SALT Encoding   

  12  0:00  Drone  
  13  0:11  Drone  
  14  0:21  Drone, Extractor  
  15  0:31  Overlord  
  15  1:00  Drone  
  15  1:04  Hatchery  
  15  1:09  Drone  
  16  1:15  Drone  
  16  1:19  Drone  
  18  1:38  Extractor  
  17  1:43  Spawning Pool  
  17  1:47  Drone  
  17  1:52  Drone  
  18  2:02  Drone  
  19  2:27  Drone  
  20  2:43  Drone  
  20  2:49  Zergling x2  
  26  2:54  Drone  
  27  3:00  Drone  
Tags
 
League
Diamond
Matchup
Co-op
Add a new tag
Caveats
  • Supply blocks, unpowered buildings, or Contaminate may cause inaccurate times.
  • Supply counts are checked every 10 seconds.